 Dungeon Crawl Stone Soup version 0.21-a0-137-g951aa02 (webtiles) character file.

2752 Chiseanne the Skirmisher (level 9, -1/72 HPs)
             Began as a Demonspawn Wanderer on July 19, 2017.
             Was an Initiate of Gozag.
             Slain by a two-headed ogre
             ... wielding a +0 giant club
              (2 damage)
             ... on level 9 of the Dungeon.
             The game lasted 00:17:10 (9159 turns).

Chiseanne the Skirmisher (Demonspawn Wanderer)      Turns: 9159, Time: 00:17:11

Health: -1/72      AC: 11    Str: 13    XL:     9   Next: 41%
Magic:  18/18      EV: 15    Int: 15    God:    Gozag
Gold:   272        SH:  0    Dex: 21    Spells: 18/21 levels left

rFire    . . .     SeeInvis .   a - +1 war axe
rCold    + + .     Gourm    .   (no shield)
rNeg     . . .     Faith    .   l - +2 ring mail {rC+}
rPois    .         Spirit   .   v - +2 helmet
rElec    .         Reflect  .   (no cloak)
rCorr    .         Harm     .   (no gloves)
MR       .....                  (boots unavailable)
Stlth    +++.......             h - amulet of regeneration
HPRegen  0.62/turn              g - ring of protection from cold
MPRegen  0.16/turn              (no ring)

@: agile, gold aura, hasted, very quick
A: talons 3, thin skeletal structure 1, powered by death 2, powered by pain 1
a: Potion Petition, Call Merchant, Bribe Branch, Renounce Religion


You were on level 9 of the Dungeon.
You worshipped Gozag.
Gozag was aware of your devotion.
You were not hungry.

You visited 2 branches of the dungeon, and saw 10 of its levels.

You collected 747 gold pieces.
You paid 475 gold pieces to Gozag.

Inventory:

Hand Weapons
 a - a +1 war axe (weapon)
Missiles
 b - 15 bolts
 c - a throwing net
 i - 185 stones (quivered)
 j - 135 arrows
 o - 36 poisoned needles
Armour
 l - a +2 ring mail of cold resistance (worn)
 v - a +2 helmet (worn)
Magical Staves
 e - an uncursed staff of power
Jewellery
 g - a ring of protection from cold (left hand)
 h - an amulet of regeneration (around neck)
 s - an uncursed amulet of harm {unknown}
Wands
 r - a wand of lightning (4/15)
 A - a wand of flame (41/48)
Scrolls
 q - 2 scrolls of teleportation
 t - 2 scrolls of blinking
 y - a scroll of remove curse
Potions
 w - a potion of brilliance {unknown}
 x - a potion of magic
 z - a potion of mutation
 B - a potion of lignification
Books
 f - a book of Callings

   Spells                             Type                      Level
   a - Summon Small Mammal            Summoning                    1
   b - Call Imp                       Summoning                    2
   c - Call Canine Familiar           Summoning                    3
   d - Summon Guardian Golem          Hexes/Summoning              3
   e - Summon Lightning Spire         Summoning/Air                4
   f - Summon Ice Beast               Ice/Summoning                4
 p - a book of Maledictions

   Spells                             Type                      Level
   a - Corona                         Hexes                        1
   b - Ensorcelled Hibernation        Hexes/Ice                    2
   c - Confuse                        Hexes                        3
   d - Tukima's Dance                 Hexes                        3
   e - Dazzling Spray                 Conjuration/Hexes            3
Comestibles
 d - 9 bread rations
 n - 3 royal jellies
 u - 4 meat rations


   Skills:
 * Level 7.6 Fighting
 - Level 1.7 Axes
 * Level 7.1 Armour
 - Level 1.0 Stealth
 * Level 6.6 Spellcasting
 - Level 3.0 Hexes
 - Level 1.0 Evocations


You had 18 spell levels left.
You knew the following spells:

 Your Spells              Type           Power        Failure   Level  Hunger
a - Confuse               Hex            ##......     22%         3    ##.....


Dungeon Overview and Level Annotations

Branches:
Dungeon (9/15)             Temple (1/1) D:6            Lair (0/6) D:9
    Orc (0/2) D:9

Altars:
Ashenzari
Cheibriados
Dithmenos
Elyvilon
Fedhas
Gozag
Makhleb
Nemelex Xobeh
Okawaru
Qazlal
Trog
Uskayaw
Vehumet
Wu Jian
Xom
Zin
The Shining One

Shops:
D:6 }

Annotations:
D:4 Shimatora's ghost, amateur GrMo
D:5 gorpus's ghost, novice TeAE


Innate Abilities, Weirdness & Mutations

You have claws for feet.
You have a somewhat thin skeletal structure. (Dex +2, Stealth)
You regenerate health from kills.
You sometimes gain a little power by taking damage.


Message History

The two-headed ogre barely misses you.
You barely miss the two-headed ogre.
The two-headed ogre is lightly wounded.
You barely miss the orc warrior.
The orc wizard is no longer distracted by gold.
The orc wizard is distracted by the nearby gold.
The orc wizard mumbles some strange words.
The orc wizard flickers and vanishes!
Deactivating autopickup; reactivate with Ctrl-A.
The orc warrior hits you with a war axe.
* * * LOW HITPOINT WARNING * * *
The orc wizard shouts!
You hit the orc warrior but do no damage.
The orc warrior is almost dead.
You hit the two-headed ogre.
The two-headed ogre hits you with a giant club!
* * * LOW HITPOINT WARNING * * *
The two-headed ogre hits you with a giant spiked club.
You die...
Your body crumbles into a pile of gold.

,,,,,,,*,,,#......#...........'.#
,,,,,,,*,,,#......#############.#
,,,,,,,+,,,#...........,.........
,,,,,,,*,,,+......#####,>........
,,,,,,,**###...(o.#,,,+,.........
,,,,,,,,..........#,,,*,.........
,,,,,,,,..........#,,,*,.........
,,,,,,,,..........#,,,*,.........
,,,,,***######..@o#****,.........
,,,,,*,,,,,,,####Oo.....,....####
****,+,,,,,,,,,,*o##....,,,,,*,,,
,,,,,,,,,,,,,,,,o{o,,...,,,,,*,,,
,,,,,,,,,,**,,,,,o..,,..,,,,,*,,,
,,,,**,,,,**,,,,*#...,,.,,,,,*,,,
,,,,**,,,,,,,,,,**....,,,,,,,*,,,
,,,,,,,,,,,,,,,,,,...##,,,,,,*,,,
**,,,,,,,,,,,,,,,,,,,**,,,,,,*,,,


You could see a two-headed ogre, an orc warrior, an orc priest, an orc wizard
and 3 orcs.

Vanquished Creatures
  Pikel (D:8)
  Sigmund (D:3)
  Grum (D:8)
  A water moccasin (D:5)
  A slave (D:8)
  3 ice beasts
  A phantom (D:6)
  4 wolves (D:8)
  2 centaurs
  A scorpion (D:7)
  3 crimson imps
  3 hounds
  An orc priest (D:4)
  A bullfrog zombie (D:6)
  2 jellies
  A bullfrog skeleton (D:6)
  2 centaur skeletons
  3 orc wizards
  2 iguanas
  Natasha (thrice) (D:3 D:6)
  4 worker ants
  Robin (D:4)
  A worker ant zombie (D:6)
  A howler monkey zombie (D:7)
  4 adders
  9 river rats (D:5)
  A shadow imp (D:8)
  An adder skeleton (D:4)
  3 adder zombies
  2 worms
  2 dart slugs
  4 leopard geckos
  18 orcs
  A ball python (D:2)
  8 bats
  6 giant cockroaches
  16 goblins
  7 hobgoblins
  8 jackals
  6 quokkas
  7 frilled lizards
  A jackal skeleton (D:5)
  A jackal zombie (D:5)
  2 kobolds
  2 leopard gecko skeletons
  22 rats
175 creatures vanquished.

Vanquished Creatures (others)
  A slave (D:8)
  A hound (D:8)
  An iguana (D:8)
3 creatures vanquished.

Grand Total: 178 creatures vanquished

Notes
Turn   | Place    | Note
-------+----------+-------------------------------------------
     0 | D:1      | Chiseanne the Demonspawn Wanderer began the quest for the Orb.
     0 | D:1      | Chiseanne set off with: a book of Maledictions, a +0 ring mail, a +0 hand axe, a bread ration
     0 | D:1      | Reached XP level 1. HP: 15/15 MP: 1/1
   288 | D:1      | Gained mutation: You have sharp toenails. [demonic ancestry]
   288 | D:1      | Reached XP level 2. HP: 21/21 MP: 2/2
   798 | D:2      | Reached skill level 1 in Spellcasting
  1176 | D:2      | Gained mutation: You regenerate a little health from kills. [demonic ancestry]
  1176 | D:2      | Reached XP level 3. HP: 27/27 MP: 4/4
  1181 | D:2      | Learned a level 3 spell: Confuse
  1983 | D:3      | Noticed Natasha
  1995 | D:3      | Killed Natasha
  1995 | D:3      | Gained mutation: You have razor-sharp toenails. [demonic ancestry]
  1995 | D:3      | Reached XP level 4. HP: 6/34 MP: 6/6
  2016 | D:3      | Noticed Sigmund
  2249 | D:3      | Noticed Natasha
  2266 | D:3      | Killed Sigmund
  2266 | D:3      | Reached XP level 5. HP: 33/41 MP: 6/9
  2616 | D:3      | Gained mutation: You have a somewhat thin skeletal structure. (Dex +2, Stealth) [demonic ancestry]
  2616 | D:3      | Reached XP level 6. HP: 25/47 MP: 10/10
  3153 | D:4      | Found a radiant altar of Vehumet.
  3258 | D:4      | Found a blossoming altar of Fedhas.
  3308 | D:4      | Found an ornate altar of the Wu Jian Council.
  3841 | D:4      | Noticed Robin
  3861 | D:4      | Killed Robin
  3980 | D:4      | Noticed Shimatora's ghost (amateur GrMo)
  4658 | D:5      | Entered Level 5 of the Dungeon
  4675 | D:5      | Noticed a water moccasin
  4691 | D:5      | HP: 2/48 [poisoned by a water moccasin]
  4698 | D:5      | Killed a water moccasin
  4698 | D:5      | Gained mutation: You sometimes gain a little power by taking damage. [demonic ancestry]
  4698 | D:5      | Reached XP level 7. HP: 4/54 MP: 10/12
  4848 | D:5      | Noticed gorpus's ghost (novice TeAE)
  6474 | D:6      | Killed Natasha
  6479 | D:6      | Noticed Natasha
  6490 | D:6      | Killed Natasha
  6506 | D:6      | You fall through a shaft for 3 floors!
  6617 | D:8      | Noticed Pikel
  6618 | D:8      | Noticed Grum
  6964 | D:8      | Killed Pikel
  6964 | D:8      | Reached skill level 5 in Fighting
  6964 | D:8      | Reached skill level 5 in Armour
  6964 | D:8      | Gained mutation: You regenerate health from kills. [demonic ancestry]
  6964 | D:8      | Reached XP level 8. HP: 18/64 MP: 12/15
  7493 | D:6      | Reached skill level 5 in Spellcasting
  7743 | D:6      | Found Huaqe's Gadget Shop.
  7866 | D:6      | Found a staircase to the Ecumenical Temple.
  7879 | Temple   | Entered the Ecumenical Temple
  7891 | Temple   | Became a worshipper of Gozag Ym Sagoz the Greedy
  8049 | D:6      | Found a burning altar of Makhleb.
  8050 | D:6      | Found a shimmering altar of Xom.
  8245 | D:7      | Gained mutation: You have claws for feet. [demonic ancestry]
  8245 | D:7      | Reached XP level 9. HP: 48/71 MP: 17/17
  8903 | D:8      | Killed Grum
  9149 | D:9      | Noticed a two-headed ogre
  9159 | D:9      | HP: 1/72 [two-headed ogre/giant club (12)]
  9159 | D:9      | Slain by a two-headed ogre

Vault maps used:
D:1:      lightli_arrival_lavapool
D:2:      minmay_tall_x
D:3:      lemuel_another_geyser, uniq_sigmund, uniq_natasha
D:4:      cheibrodos_old_hovel, lemuel_round_altar,
          chequers_temple_overflow_statue_of_worship, uniq_robin
D:5:      lemuel_ratsnest, first_bread
D:6:      grunt_temple_overflow_champion_of_chaos, temple_statues, serial_shops,
          nicolae_shop_behind_doors
D:8:      uniq_grum, uniq_pikel
D:9:      kennysheep_little_box, lair_entry_dummy, erik_orc_4
Temple:   lightli_temple_of_artemis

Skill      XL: |  1  2  3  4  5  6  7  8  9 |
---------------+----------------------------+-----
Armour         | 2 3 4 5 6 7 |  7.1
Spellcasting   | 1 2 3 4 5 6 |  6.6
Fighting       | 2 3 4 5 6 7 |  7.6
Axes           | |  1.7
Stealth        | |  1.0
Hexes          | |  3.0
Evocations     | |  1.0

Action                   |  1- 3 |  4- 6 |  7- 9 || total
-------------------------+-------+-------+-------++-------
Melee: Hand axe          |    68 |       |       ||    68
       War axe           |    69 |   219 |   393 ||   681
       Kick              |       |       |    37 ||    37
Invok: Potion Petition   |       |       |     2 ||     2
  Use: Scroll            |       |     9 |    11 ||    20
       Potion            |       |     6 |     7 ||    13
 Stab: Distracted        |       |       |     2 ||     2
       Sleeping          |       |       |     2 ||     2
  Eat: Chunk             |     4 |     8 |     9 ||    21
       Fruit             |       |       |    12 ||    12
Armor: Ring mail         |    65 |   120 |   235 ||   420
       Skin              |       |     1 |       ||     1
Dodge: Dodged            |    92 |   126 |   322 ||   540
